 Dungeon Crawl Stone Soup version 0.19-a0-1201-gda63bca (webtiles) character file.

468622 Gruud the Black Belt (level 23, -13/203 HPs)
             Began as a Demonspawn Assassin on Aug 4, 2016.
             Was a Follower of Uskayaw.
             Splashed by an acid blob's acid (17 damage)
             ... on level 5 of the Pits of Slime on Aug 20, 2016.
             The game lasted 05:31:17 (50465 turns).

Gruud the Black Belt (Demonspawn Assassin)         Turns: 50465, Time: 05:31:18

Health: -13/203    AC:  9    Str: 18    XL:     23   Next: 20%
Magic:  36/36      EV: 24    Int: 23    God:    Uskayaw [*.....]
Gold:   3145       SH:  0    Dex: 26    Spells: 8 memorised, 12 levels left

rFire  + + +     SeeInvis +       - Unarmed
rCold  + . .     Gourm    .     X - +7 fire dragon armour
rNeg   + . .     Faith    .     (no shield)
rPois  .         Spirit   .     N - +2 helmet {SInv}
rElec  .         Dismiss  .     d - +2 cloak
rCorr  .         Reflect  .     (no gloves)
MR     +....     Harm     .     T - +2 pair of boots {run}
Stlth  +++.......               k - amulet of magic regeneration
                                W - ring of protection from cold
                                K - ring of Wanli {rN+ Int+6}

@: corroded, very slightly contaminated, quick
A: claws 2, thin skeletal structure 3, clever 1, cold resistance 1, fire
resistance 1, foul stench 2, powered by death 3, regeneration 1, robust 1,
strong 2, wild magic 1, evolution 1, rot immunity
a: Stomp, Renounce Religion
}: 3/15 runes: decaying, silver, gossamer


You were on level 5 of the Pits of Slime.
You worshipped Uskayaw.
Uskayaw was most pleased with you.
You were not hungry.

You visited 8 branches of the dungeon, and saw 44 of its levels.
You visited the Abyss 1 time.
You visited 1 bazaar.
You also visited: Ossuary, Ice Cave and Volcano.

You collected 7799 gold pieces.
You spent 4654 gold pieces at shops.

Inventory:

Hand Weapons
 b - a +8 blowgun
Missiles
 i - 8 javelins (quivered)
 V - 15 curare-tipped needles
Armour
 d - a +2 cloak (worn)
 u - the +3 pair of boots "Hero's Friend" {+Blink rN+ MR+}
   (You found it on level 3 of the Elven Halls)

   It protects you from negative energy.
   It affects your resistance to hostile enchantments.
   It lets you blink.
 I - a +2 ring mail of magic resistance
 N - a +2 helmet of see invisible (worn)
 Q - a +0 buckler of cold resistance
 T - a +2 pair of boots of running (worn)
 X - a +7 fire dragon armour (worn)
Jewellery
 k - an amulet of magic regeneration (around neck)
 K - the ring of Wanli (left claw) {rN+ Int+6}
   (You took it off a deep elf mage on level 3 of the Elven Halls)

   [ring of positive energy]

   It affects your intelligence (+6).
   It protects you from negative energy.
 W - a ring of protection from cold (right claw)
Wands
 f - a wand of disintegration (8/24)
 j - a wand of teleportation (5/9)
 o - a wand of acid (8/15)
 z - a wand of teleportation (3/9)
 P - a wand of digging (6/24)
 R - a wand of paralysis (5/24)
 Z - a wand of digging (15/24)
Scrolls
 p - 14 scrolls of teleportation
 s - 4 scrolls of summoning
 v - 13 scrolls of recharging
 w - 2 scrolls of fog
 A - 11 scrolls of remove curse
 C - 7 scrolls of magic mapping
 J - 2 scrolls of silence
 O - 17 scrolls of identify
 Y - a scroll of blinking
Potions
 a - 2 potions of invisibility
 h - 4 potions of might
 n - 2 potions of magic
 t - 3 potions of cure mutation
 x - 6 potions of brilliance
 E - 12 potions of cancellation
 F - 6 potions of mutation
 G - 10 potions of curing
 H - 3 potions of flight
 M - 2 potions of resistance
 S - 3 potions of agility
 U - 3 potions of haste
Books
 m - a book of Spatial Translocations

   Spells                             Type                      Level
   a - Apportation                    Translocation                1
   b - Blink                          Translocation                2
   c - Shroud of Golubria             Charms/Translocation         2
   d - Portal Projectile              Translocation                3
   e - Teleport Other                 Translocation                3
   f - Passage of Golubria            Translocation                4
 q - an Akashic Record

   Spells                             Type                      Level
   a - Dispersal                      Translocation                6
   b - Malign Gateway                 Summoning/Translocation      7
   c - Disjunction                    Translocation                8
   d - Controlled Blink               Translocation                8
Miscellaneous
 e - a phial of floods
 l - a fan of gales
 B - 3 sacks of spiders
 D - a phantom mirror
Comestibles
 c - 19 fruits
 g - 25 bread rations
 r - 11 meat rations


   Skills:
 * Level 16.5 Fighting
   Level 1.7 Short Blades
 - Level 1.7 Throwing
 * Level 11.7 Armour
 - Level 16.6 Dodging
 - Level 3.6 Stealth
 * Level 20.1 Unarmed Combat
 - Level 5.1 Spellcasting
 - Level 11.1 Charms
 - Level 12.0 Translocations
 + Level 18.8 Invocations


You had 12 spell levels left.
You knew the following spells:

 Your Spells              Type           Power        Failure   Level  Hunger
a - Regeneration          Chrm/Necr      #####.....   17%         3    ##.....
b - Blink                 Tloc           N/A          1%          2    None
c - Aura of Abjuration    Summ           #.........   100%        5    #####..
d - Summon Butterflies    Summ           #.......     38%         1    None
e - Passage of Golubria   Tloc           N/A          3%          4    ####...
f - Apportation           Tloc           ######....   1%          1    None
g - Repel Missiles        Chrm/Air       #####.       10%         2    None
h - Swiftness             Chrm/Air       #####...     10%         2    None


Dungeon Overview and Level Annotations

Branches:
Dungeon (15/15)            Temple (0/1) D:6            Lair (6/6) D:8
  Swamp (4/4) Lair:3       Spider (4/4) Lair:2        Slime (5/5) Lair:6
    Orc (2/2) D:11            Elf (3/3) Orc:2        Vaults (5/5) D:14
  Crypt (0/3) Vaults:2     Depths (0/5) D:15

Altars:
Cheibriados
Fedhas
Gozag
Hepliaklqana
Makhleb
Nemelex Xobeh
Sif Muna
Trog
Uskayaw
Xom
Yredelemnul
The Shining One
Jiyva

Shops:
D:11 ?   Orc:2 ??[?   Elf:1 (   Vaults:2 (   Vaults:5 ?%?%[[

Portals:
Trove: D:15 (give wand of hasting (9))

Annotations:
Lair:1 2x IceM Manuals
Elf:2 3 runed doors, exclusion: 3 doors


Innate Abilities, Weirdness & Mutations

You have very sharp fingernails.
You have an unnaturally thin skeletal structure. (Dex +6, Stealth++)
Your flesh is heat resistant. (rF+)
You frequently emit foul miasma when damaged in melee.
You regenerate a lot of health from kills.
You are immune to rotting.
Your mind is acute. (Int +2)
Your flesh is cold resistant. (rC+)
Your natural rate of healing is unusually fast.
You are robust. (+10% HP)
Your muscles are very strong. (Str +4)
Your spells are a little harder to cast, but a little more powerful.
You evolve.


Message History

The splash of acid hits you!
* * * LOW HITPOINT WARNING * * *
The acid corrodes you!
The acid burns!
* * * LOW HITPOINT WARNING * * *
Unknown command.
Unknown command.
Blink to where?
Press: ? - help, Dir - move target cursor There's something in the way.
Okay, then.
Blink to where?
Press: ? - help, Dir - move target cursor You are very lightly contaminated with residual magic.
As you read the scroll of blinking, it crumbles to dust.
You can no longer pass through a line of other dancers.
The acid blob spits acid at you. The splash of acid hits you!
* * * LOW HITPOINT WARNING * * *
The acid burns!
You die...

.........................,,,,,,,,
.........................,,,,,,,,
.........................,,,,,,,,
..............#.....##...,,,,,,,,
............####.#####...,,,,,,,,
..........###:##..##=##........,,
.........###(/)##.#)??##.........
.........##!|:##..##(:)###.......
,....G..##?[φ=$#@##[[[)[##.......
,,,,,..###=%=:##..##?[$?###......
,,,,,,..###)!#|##J#[#$[###.......
,,,,,,.#########.G#########......
,,,,,,.##...#..J.....#...##......
,,,,,,....#...#....#...#.........
,,,,,,.#########..#########......
,,,,,,.####$(#)##.#|#..##.#......
,,,,,,.###=)[%##..##.).[.#.......


You could see 2 acid blobs and a golden eye.

Vanquished Creatures
  the Royal Jelly (Slime:5)
  An ancient lich (Vaults:5)
  the Lernaean hydra (Swamp:4)
  5 golden dragons (Vaults:5)
  A bone dragon (Vaults:1)
  Arachne (Spider:4)
  2 liches (Vaults:5)
  3 tentacled monstrosities
  2 titans (Vaults:5)
  9 acid blobs
  2 deep elf master archers (Elf:3)
  2 tengu reavers
  2 storm dragons (Vaults:5)
  5 shadow dragons
  3 thorn hunters
  6 azure jellies
  2 fire giants
  8 frost giants
  7 emperor scorpions
  4 ghost moths
  15 vault wardens
  5 deep elf elementalists
  12 deep elf sorcerers
  5 war gargoyles
  21 very ugly things
  8 ironheart preservers
  13 stone giants
  Nessos (Lair:5)
  5 large abominations (Vaults:5)
  5 deep elf demonologists (Elf:3)
  The ghost of hairmachine the Blocker, a journeyman TrHu of Hepliaklqana (Lair:5)
  9 deep elf annihilators
  The ghost of Geppetto the Basher, a journeyman VSFi of Ru (Spider:1)
  2 dire elephants (Lair:6)
  5 ettins (Vaults:5)
  A fire dragon (Vaults:3)
  17 yaktaur captains
  12 deep elf death magi
  4 death oozes (Slime:5)
  4 deep elf high priests
  3 rakshasas
  34 vault guards
  6 great orbs of eyes
  5 ghost crabs
  7 centaur warriors
  3 ice dragons
  23 hydras
  An anaconda (shapeshifter) (Vaults:3)
  A merfolk avatar (Lair:6)
  Erica (D:8)
  7 dancing weapons
  12 death yaks
  8 alligators
  8 ogre magi
  A storm dragon zombie (Vaults:1)
  A spriggan berserker (Swamp:3)
  5 orc high priests (Orc:2)
  4 hell knights (Vaults:3)
  Urug (Lair:5)
  3 shock serpents (Vaults:1)
  9 skeletal warriors
  15 deep elf knights
  A wretched star (Abyss:2)
  2 shadow wraiths
  5 spriggan druids
  2 storm dragon skeletons
  An unseen horror (shapeshifter) (Vaults:4)
  A quicksilver dragon simulacrum (Vaults:1)
  13 deep elf archers
  A death drake (shapeshifter) (Vaults:5)
  An unseen horror (D:15)
  7 deep trolls (Vaults:5)
  12 swamp dragons
  15 orc knights
  2 phantasmal warriors (Vaults:5)
  5 wizards
  An anubis guard (shapeshifter) (Vaults:5)
  A harpy (shapeshifter) (D:14)
  12 ironbrand convokers
  Pikel (D:7)
  5 hill giants
  5 necromancers
  6 shambling mangroves
  8 harpies
  47 deep elf magi
  19 ugly things
  22 orb spiders
  25 wolf spiders
  A shining eye (shapeshifter) (D:15)
  2 manticores
  6 griffons
  4 orc sorcerers
  5 cyclopes
  An elephant (shapeshifter) (D:11)
  A salamander (shapeshifter) (D:15)
  17 hornets
  2 moths of wrath
  Joseph (D:7)
  2 frost giant skeletons
  Maurice (D:9)
  28 elephants
  3 black mambas
  2 ice statues
  A naga mage (Vaults:1)
  16 vault sentinels
  18 spiny frogs
  3 stone giant skeletons (Vaults:2)
  A torpor snail (Spider:4)
  3 gargoyles
  A black mamba (shapeshifter) (Vaults:4)
  A spiny frog (shapeshifter) (D:13)
  An elf skeleton (Vaults:1)
  5 rime drakes
  A spriggan skeleton (Vaults:1)
  15 freezing wraiths
  A kobold demonologist (D:15)
  49 yaktaurs
  9 demonic crawlers
  13 komodo dragons
  A yaktaur skeleton (Vaults:2)
  A queen bee (Lair:1)
  3 polar bears (Lair:6)
  10 two-headed ogres
  37 jumping spiders
  Prince Ribbit (D:9)
  10 giant leeches
  2 queen bees (shapeshifter)
  8 trolls
  A wind drake (shapeshifter) (D:15)
  A wind drake (Lair:6)
  A jumping spider (shapeshifter) (Vaults:2)
  A tengu simulacrum (Vaults:3)
  15 blink frogs
  A raiju (shapeshifter) (Vaults:4)
  13 bog bodies
  9 boulder beetles
  45 slime creatures
  3 raiju (Vaults:1)
  A fire giant simulacrum (Vaults:3)
  An ettin skeleton (Vaults:2)
  5 shadows
  Sigmund (D:2)
  3 air elementals
  11 spriggans
  2 water elementals (Elf:1)
  54 redbacks
  3 fire elementals
  22 tarantellas
  6 wyverns
  16 yaks
  A human (D:14)
  Eustachio (D:5)
  2 hogs (D:14)
  A basilisk (shapeshifter) (Vaults:3)
  6 basilisks
  2 hungry ghosts
  12 hippogriffs
  25 vampire mosquitoes
  14 insubstantial wisps
  6 wargs
  27 swamp worms
  14 water moccasins
  3 mottled dragons
  A soldier ant (D:11)
  A water moccasin (shapeshifter) (Vaults:5)
  2 porcupines
  45 orc warriors
  A giant eyeball (shapeshifter) (Vaults:5)
  9 ice beasts
  4 sky beasts
  16 swamp drakes
  9 phantoms
  6 black bears
  24 wasps
  2 eyes of draining
  A black bear (shapeshifter) (Vaults:4)
  32 ogres
  2 eyes of draining (shapeshifter)
  2 alligator simulacra (IceCv)
  11 wolves
  2 necrophages (D:9)
  5 boggarts (D:15)
  9 centaurs
  9 crocodiles
  6 human skeletons
  An elf simulacrum (Vaults:1)
  A human zombie (Vaults:1)
  3 big kobolds
  23 giant frogs
  A wyvern zombie (D:14)
  5 earth elementals
  A glowing shapeshifter simulacrum (Vaults:1)
  6 small abominations
  2 water moccasin zombies (Ossuary)
  2 wyvern skeletons
  31 killer bees
  6 scorpions
  2 human simulacra (Vaults:1)
  An orc simulacrum (Vaults:2)
  11 wights
  2 electric eels (Lair:3)
  11 howler monkeys
  4 giant frog zombies
  5 crimson imps
  3 centaur zombies
  3 draconian simulacra (IceCv)
  A quasit (D:7)
  5 centaur skeletons
  35 orc priests
  4 hounds
  5 jellies
  28 orc wizards
  2 giant frog skeletons
  8 iguanas
  Natasha (thrice) (D:2)
  4 lightning spires (Vaults:1)
  9 worker ants
  5 troll simulacra (IceCv)
  A worker ant (shapeshifter) (Vaults:5)
  2 spriggan simulacra (IceCv)
  2 wolf simulacra (IceCv)
  29 sheep
  2 big kobold zombies (Ossuary)
  3 centaur simulacra
  A howler monkey zombie (D:9)
  2 mummies (Ossuary)
  3 worker ant zombies
  A howler monkey skeleton (D:5)
  24 adders
  An ogre simulacrum (IceCv)
  56 river rats
  7 naga simulacra (IceCv)
  2 shadow imps
  12 white imps (IceCv)
  4 oozes (D:3)
  An adder zombie (Ossuary)
  3 adder skeletons
  4 worms
  A dart slug (D:2)
  2 giant geckos
  94 orcs
  6 ball pythons
  4 bats
  3 giant cockroaches
  3 gnoll zombies (Ossuary)
  9 goblins
  14 hobgoblins
  10 jackals
  13 kobolds
  8 quokkas
  A giant gecko zombie (D:5)
  2 giant newts
  5 hobgoblin zombies (Ossuary)
  3 kobold zombies (Ossuary)
  6 orc zombies (Ossuary)
  A quokka skeleton (D:5)
  7 rats
  A spectral orc (D:6)
  4 crawling corpses (Vaults:5)
  2 plants
1998 creatures vanquished.

Vanquished Creatures (others)
  2 deep elf magi
  A naga mage (Vaults:1)
  An air elemental (Elf:1)
  2 vampire mosquitoes (Swamp:1)
  An ogre (Vaults:5)
  An orc wizard (Vaults:3)
  A ball lightning (Vaults:1)
  7 briar patches (Swamp:2)
  A crawling corpse (Vaults:5)
  17 fungi
  9 plants
43 creatures vanquished.

Grand Total: 2041 creatures vanquished

Notes
Turn   | Place    | Note
-------+----------+-------------------------------------------
     0 | D:1      | Gruud the Demonspawn Assassin began the quest for the Orb.
     0 | D:1      | Reached XP level 1. HP: 16/16 MP: 1/1
    33 | D:1      | Upgraded the game from 0.19-a0-1068-g99dd0f4 to 0.19-a0-1071-g4ed3155
   409 | D:2      | Gained mutation: You have sharp fingernails. [demonic ancestry]
   409 | D:2      | Reached XP level 2. HP: 23/23 MP: 2/2
   620 | D:1      | Reached skill level 1 in Unarmed Combat
   871 | D:2      | Noticed Natasha
   884 | D:2      | Killed Natasha
   884 | D:2      | Reached skill level 2 in Unarmed Combat
   884 | D:2      | Gained mutation: You regenerate a little health from kills. [demonic ancestry]
   884 | D:2      | Reached XP level 3. HP: 6/28 MP: 3/3
  1093 | D:2      | Noticed Sigmund
  1211 | D:2      | Killed Sigmund
  1211 | D:2      | Reached skill level 4 in Unarmed Combat
  1211 | D:2      | Gained mutation: You have very sharp fingernails. [demonic ancestry]
  1211 | D:2      | Reached XP level 4. HP: 33/34 MP: 4/4
  1211 | D:2      | Gained mutation: You regenerate health from kills. [demonic ancestry]
  1211 | D:2      | Reached XP level 5. HP: 38/39 MP: 5/5
  1298 | D:2      | Noticed Natasha
  1301 | D:2      | Killed Natasha
  1438 | D:2      | Noticed Natasha
  1453 | D:2      | Killed Natasha
  1453 | D:2      | Reached skill level 5 in Unarmed Combat
  1453 | D:2      | Gained mutation: You are immune to rotting. [demonic ancestry]
  1453 | D:2      | Reached XP level 6. HP: 11/46 MP: 6/6
  1744 | D:3      | Reached skill level 1 in Dodging
  2916 | D:3      | Found a bloodstained altar of Trog.
  3189 | D:4      | Gained mutation: You have a somewhat thin skeletal structure. (Dex +2, Stealth) [demonic ancestry]
  3189 | D:4      | Reached XP level 7. HP: 51/51 MP: 7/7
  3272 | D:4      | Found a sand-covered staircase.
  3301 | Ossuary  | Entered an ossuary
  3337 | Ossuary  | Reached skill level 6 in Unarmed Combat
  3758 | D:5      | Entered Level 5 of the Dungeon
  3870 | D:5      | Reached skill level 7 in Unarmed Combat
  3950 | D:5      | Found an opulent altar of Gozag.
  3985 | D:5      | Noticed Eustachio
  4016 | D:5      | Killed Eustachio
  4016 | D:5      | Reached XP level 8. HP: 57/57 MP: 8/8
  4227 | D:5      | You fall through a shaft for 2 floors!
  4228 | D:7      | Noticed Joseph
  4250 | D:7      | Killed Joseph
  4250 | D:7      | Reached skill level 8 in Unarmed Combat
  4254 | D:7      | Reached skill level 5 in Dodging
  4283 | D:7      | Found a deep blue altar of Sif Muna.
  4300 | D:7      | Reached skill level 9 in Unarmed Combat
  4315 | D:7      | Gained mutation: You have a moderately thin skeletal structure. (Dex +4, Stealth+) [demonic ancestry]
  4315 | D:7      | Reached XP level 9. HP: 61/62 MP: 9/9
  4503 | D:5      | Found a burning altar of Makhleb.
  4604 | D:5      | Noticed a hand axe
  4604 | D:5      | Noticed a hand axe
  4608 | D:5      | Found a hide-covered altar of Uskayaw.
  4637 | D:5      | Became a worshipper of Uskayaw the Reveler
  5037 | D:6      | Reached * piety under Uskayaw
  5073 | D:6      | Reached ** piety under Uskayaw
  5090 | D:6      | Reached skill level 1 in Invocations
  5127 | D:6      | Found a sparkling altar of Nemelex Xobeh.
  5140 | D:6      | Found a hazy altar of Hepliaklqana.
  5167 | D:6      | Found a staircase to the Ecumenical Temple.
  5263 | D:6      | Reached skill level 10 in Unarmed Combat
  5689 | D:6      | Found a basalt altar of Yredelemnul.
  5993 | D:7      | Found a shimmering altar of Xom.
  5996 | D:7      | Found a blossoming altar of Fedhas.
  6005 | D:7      | Found an oddly glowing altar of Pakellas.
  6018 | D:7      | Noticed Pikel
  6048 | D:7      | Killed Pikel
  6161 | D:7      | Found a burning altar of Makhleb.
  6168 | D:7      | Noticed a purple ugly thing
  6175 | D:7      | Reached *** piety under Uskayaw
  6183 | D:7      | Reached **** piety under Uskayaw
  6184 | D:7      | Killed a purple ugly thing
  6184 | D:7      | Reached XP level 10. HP: 49/68 MP: 13/13
  6295 | D:7      | Reached skill level 5 in Invocations
  6367 | D:8      | Found a snail-covered altar of Cheibriados.
  6396 | D:8      | Noticed Erica
  6615 | D:8      | Killed Erica
  6615 | D:8      | Reached skill level 11 in Unarmed Combat
  7457 | D:8      | Found a staircase to the Lair.
  7747 | D:9      | Noticed Prince Ribbit
  7767 | D:9      | Killed Prince Ribbit
  7831 | D:9      | Reached ***** piety under Uskayaw
  7971 | D:9      | Reached XP level 11. HP: 49/74 MP: 16/16
  8541 | D:9      | Reached skill level 12 in Unarmed Combat
  8597 | D:9      | Noticed Maurice
  8607 | D:9      | Killed Maurice
  9057 | D:9      | Noticed a hill giant
  9078 | D:9      | Killed a hill giant
  9326 | D:9      | Got an encrusted flail
  9348 | D:10     | Entered Level 10 of the Dungeon
  9540 | D:10     | Learned a level 3 spell: Regeneration
  9545 | D:10     | Learned a level 4 spell: Animate Dead
  9782 | D:10     | Noticed a hill giant
  9809 | D:10     | Killed a hill giant
 10441 | D:11     | Found Nerro's Magic Scroll Shop.
 10449 | D:11     | Bought a scroll of magic mapping for 52 gold pieces
 10449 | D:11     | Bought a scroll of identify for 30 gold pieces
 10449 | D:11     | Bought a scroll of recharging for 142 gold pieces
 10449 | D:11     | Bought a scroll of remove curse for 45 gold pieces
 10505 | D:11     | Gained mutation: You evolve. [mutagenic meat]
 10508 | D:11     | Gained mutation: Your muscles are strong. (Str +2) [mutagenic meat]
 10511 | D:11     | Gained mutation: Your body sometimes deteriorates upon taking damage. [mutagenic meat]
 10710 | D:11     | Found a staircase to the Orcish Mines.
 10745 | D:11     | HP: 2/74 [warg (11)]
 10841 | D:11     | Noticed a hill giant
 10853 | D:11     | Killed a hill giant
 10853 | D:11     | Reached skill level 13 in Unarmed Combat
 11565 | D:12     | Reached skill level 10 in Invocations
 11604 | D:12     | Gained mutation: You have an unnaturally thin skeletal structure. (Dex +6, Stealth++) [demonic ancestry]
 11604 | D:12     | Reached XP level 12. HP: 60/80 MP: 19/19
 12453 | Orc:1    | Entered Level 1 of the Orcish Mines
 12556 | Orc:1    | Gained mutation: You are robust. (+10% HP) [evolution]
 12800 | Orc:2    | Entered Level 2 of the Orcish Mines
 12849 | Orc:2    | Found a dark tunnel.
 12895 | Volcano  | Entered a volcano
 13380 | Orc:2    | Found a staircase to the Elven Halls.
 13399 | Orc:2    | Reached ****** piety under Uskayaw
 13410 | Orc:2    | Reached skill level 14 in Unarmed Combat
 13419 | Orc:2    | Reached skill level 1 in Armour
 13508 | Orc:2    | Noticed an orc high priest
 13582 | Orc:2    | Killed an orc high priest
 14048 | Orc:2    | Noticed an orc high priest
 14079 | Orc:2    | Killed an orc high priest
 14108 | Orc:2    | Noticed an orc high priest
 14116 | Orc:2    | Reached skill level 10 in Dodging
 14149 | Orc:2    | Killed an orc high priest
 14222 | Orc:2    | Noticed a stone giant
 14231 | Orc:2    | HP: 4/132 [stone giant (32)]
 14234 | Orc:2    | Killed a stone giant
 14234 | Orc:2    | Reached XP level 13. HP: 5/93 MP: 21/21
 14772 | Orc:2    | Lost mutation: Your body sometimes deteriorates upon taking damage. [evolution]
 14789 | Orc:2    | Found Beetuab's Magic Scroll Shop.
 14789 | Orc:2    | Found Tuwep's Magic Scroll Shop.
 14790 | Orc:2    | Found Baylauwa's Armour Shop.
 14790 | Orc:2    | Found Meoll's Magic Scroll Boutique.
 14797 | Orc:2    | Bought a scroll of recharging for 114 gold pieces
 14797 | Orc:2    | Bought a scroll of magic mapping for 42 gold pieces
 14800 | Orc:2    | Bought a scroll of recharging for 133 gold pieces
 14801 | Orc:2    | Bought a scroll of enchant armour for 105 gold pieces
 14801 | Orc:2    | Bought a scroll of recharging for 133 gold pieces
 14801 | Orc:2    | Bought 3 scrolls of enchant armour for 315 gold pieces
 14804 | Orc:2    | Bought a +0 helmet of see invisible for 149 gold pieces
 14812 | Orc:2    | Bought a scroll of recharging for 114 gold pieces
 14816 | Orc:2    | Bought 3 scrolls of identify for 84 gold pieces
 14816 | Orc:2    | Bought a scroll of fear for 49 gold pieces
 14900 | Orc:1    | You fall through a shaft!
 15148 | Lair:1   | Entered Level 1 of the Lair of Beasts
 15202 | Lair:1   | Found a frozen archway.
 15237 | IceCv    | Entered an ice cave
 15640 | IceCv    | Found an ancient bone altar of Kikubaaqudgha.
 15754 | IceCv    | Reached skill level 15 in Unarmed Combat
 16041 | IceCv    | Upgraded the game from 0.19-a0-1071-g4ed3155 to 0.19-a0-1079-g88a7474
 17024 | Lair:2   | Found a hole to the Spider Nest.
 17136 | Lair:2   | Found a glowing golden altar of the Shining One.
 18109 | Lair:3   | Found a staircase to the Swamp.
 18512 | Lair:3   | Reached skill level 5 in Fighting
 18675 | Lair:3   | Gained mutation: Your muscles are very strong. (Str +4) [evolution]
 18675 | Lair:3   | Lost mutation: You evolve. [end of evolution]
 19515 | Lair:5   | Reached XP level 14. HP: 91/107 MP: 23/23
 19547 | Lair:5   | Noticed hairmachine's ghost (journeyman TrHu)
 19592 | Lair:5   | Killed hairmachine's ghost
 19838 | Lair:5   | Noticed Urug
 19857 | Lair:5   | Killed Urug
 19891 | Lair:5   | Noticed Nessos
 19901 | Lair:5   | Killed Nessos
 20199 | Lair:6   | Entered Level 6 of the Lair of Beasts
 20461 | Lair:6   | Reached skill level 16 in Unarmed Combat
 21143 | Lair:6   | Gained mutation: You may emit foul miasma when damaged in melee. [demonic ancestry]
 21143 | Lair:6   | Reached XP level 15. HP: 121/121 MP: 25/25
 21506 | Lair:6   | Found a viscous altar of Jiyva.
 21506 | Lair:6   | Found a staircase to the Slime Pits.
 21514 | Lair:6   | Upgraded the game from 0.19-a0-1079-g88a7474 to 0.19-a0-1166-g02d67b9
 22654 | D:15     | Entered Level 15 of the Dungeon
 22841 | D:15     | Found a portal to a secret trove of treasure.
 23058 | D:14     | Learned a level 5 spell: Aura of Abjuration
 23088 | D:14     | Found a gate to the Vaults.
 23741 | D:15     | Gained mutation: You evolve. [potion of beneficial mutation]
 23954 | D:15     | Found a staircase to the Depths.
 25250 | Lair:2   | Upgraded the game from 0.19-a0-1166-g02d67b9 to 0.19-a0-1170-g18f0c96
 25345 | Swamp:1  | Entered Level 1 of the Swamp
 25663 | Lair:3   | Reached skill level 10 in Fighting
 25755 | Swamp:1  | Reached XP level 16. HP: 133/134 MP: 27/27
 25840 | Swamp:2  | Reached skill level 17 in Unarmed Combat
 26111 | Swamp:1  | Reached skill level 15 in Invocations
 27814 | Swamp:2  | Noticed a thorn hunter
 27877 | Swamp:2  | Killed a thorn hunter
 28347 | Swamp:2  | Gained mutation: Your flesh is cold resistant. (rC+) [evolution]
 28791 | Swamp:4  | Entered Level 4 of the Swamp
 29006 | Swamp:3  | Identified the +0 pair of gloves "Biley" {Dex+7} (You found it on level 3 of the Swamp)
 29797 | Swamp:4  | Noticed a thorn hunter
 29843 | Swamp:4  | Killed a thorn hunter
 30218 | Swamp:4  | Noticed a thorn hunter
 30227 | Swamp:4  | Killed a thorn hunter
 30253 | Swamp:4  | Reached XP level 17. HP: 126/146 MP: 28/28
 30297 | Swamp:4  | Noticed the 27-headed Lernaean hydra
 30297 | Swamp:4  | Killed the 27-headed Lernaean hydra
 30477 | Swamp:4  | Got a decaying rune of Zot
 31478 | Spider:1 | Entered Level 1 of the Spider Nest
 31855 | Spider:1 | Noticed Geppetto's ghost (journeyman VSFi)
 31871 | Spider:1 | Gained mutation: Your spells are a little harder to cast, but a little more powerful. [evolution]
 31876 | Spider:1 | Killed Geppetto's ghost
 31876 | Spider:1 | Reached skill level 15 in Dodging
 32107 | Spider:1 | Reached skill level 18 in Unarmed Combat
 33321 | Spider:4 | Entered Level 4 of the Spider Nest
 34239 | Spider:4 | Noticed Arachne
 34546 | Spider:4 | Killed Arachne
 34562 | Spider:4 | HP: 3/150 [giant leech (25)]
 34773 | Spider:3 | Gained mutation: You regenerate a lot of health from kills. [demonic ancestry]
 34773 | Spider:3 | Reached XP level 18. HP: 87/157 MP: 30/30
 36158 | Spider:4 | Got a gossamer rune of Zot
 36607 | Orc:2    | Upgraded the game from 0.19-a0-1170-g18f0c96 to 0.19-a0-1185-gacb3972
 36664 | Elf:1    | Entered Level 1 of the Elven Halls
 36710 | Elf:1    | Found Rutsy's Weapon Shop.
 37814 | Elf:2    | Found a runed gate.
 37814 | Elf:2    | Found a runed gate.
 37815 | Elf:2    | Found a runed gate.
 38116 | Elf:3    | Entered Level 3 of the Elven Halls
 38604 | Elf:3    | Gained mutation: Your natural rate of healing is unusually fast. [evolution]
 39074 | Elf:3    | Reached XP level 19. HP: 168/168 MP: 31/31
 39129 | Elf:3    | Reached skill level 19 in Unarmed Combat
 39299 | Elf:3    | Got a scorched chain mail
 39325 | Elf:3    | Identified the +8 chain mail of Lyreladu {*Confuse rN+++ Regen+ Int-5} (You found it on level 3 of the Elven Halls)
 39784 | Elf:3    | Reached skill level 15 in Fighting
 39868 | Elf:3    | Got an ancient bone ring
 39869 | Elf:3    | Identified the ring of Wanli {rN+ Int+6} (You took it off a deep elf mage on level 3 of the Elven Halls)
 39875 | Elf:3    | Got a wavering glass ring
 39876 | Elf:3    | Identified the ring "Zaguzoz" {MP+9 Str-3 Int+4} (You took it off a deep elf master archer on level 3 of the Elven Halls)
 39966 | Elf:3    | Identified the Volume of Conjuration
 39974 | Elf:3    | Learned a level 1 spell: Summon Butterflies
 39984 | Elf:3    | Learned a level 4 spell: Passage of Golubria
 39986 | Elf:3    | Learned a level 1 spell: Apportation
 40101 | Elf:3    | Identified the +3 pair of boots "Hero's Friend" {+Blink rN+ MR+} (You found it on level 3 of the Elven Halls)
 40238 | Orc:2    | Bought a scroll of amnesia for 42 gold pieces
 40242 | Orc:2    | Learned a level 2 spell: Blink
 40245 | Orc:2    | Upgraded the game from 0.19-a0-1185-gacb3972 to 0.19-a0-1193-g2641e52
 40245 | Orc:2    | Upgraded the game from 0.19-a0-1193-g2641e52 to 0.19-a0-1201-gda63bca
 40441 | Vaults:1 | Entered Level 1 of the Vaults
 40548 | Vaults:1 | Reached skill level 1 in Translocations
 40603 | Vaults:1 | Noticed a bone dragon
 40988 | Vaults:1 | Killed a bone dragon
 41049 | Vaults:1 | Identified Fosmet's Volume of Unholy Arts
 41172 | Vaults:1 | Reached skill level 5 in Translocations
 41203 | Vaults:1 | Identified Vuryos's Collected Works on Lightness
 41208 | Vaults:1 | Learned a level 2 spell: Repel Missiles
 41653 | Vaults:1 | Found a gateway to a bazaar.
 41666 | Bazaar   | Entered a bazaar
 41666 | Bazaar   | Found Atiff's Antique Weapon Shop.
 41666 | Bazaar   | Found Tipt's Distillery.
 41694 | Bazaar   | Found Oxamuf's Antique Armour Shop.
 41728 | Bazaar   | Bought a potion of magic for 72 gold pieces
 41728 | Bazaar   | Bought 2 potions of cancellation for 144 gold pieces
 41728 | Bazaar   | Bought a potion of haste for 90 gold pieces
 41728 | Bazaar   | Bought 2 potions of might for 72 gold pieces
 41728 | Bazaar   | Bought a potion of cure mutation for 225 gold pieces
 41728 | Bazaar   | Bought a potion of mutation for 22 gold pieces
 41998 | Vaults:1 | Paralysed by a hornet for 3 turns
 42527 | Vaults:2 | Reached XP level 20. HP: 178/178 MP: 32/32
 42966 | Vaults:2 | Reached skill level 10 in Translocations
 43003 | Vaults:2 | Found Etuob's Antique Weapon Boutique.
 43552 | Vaults:2 | Found a staircase to the Crypt.
 44003 | Vaults:3 | Reached skill level 1 in Charms
 44542 | Vaults:3 | Reached skill level 5 in Charms
 45820 | Vaults:4 | Reached skill level 1 in Spellcasting
 45821 | Vaults:4 | Reached XP level 21. HP: 178/184 MP: 33/33
 45891 | Vaults:4 | Learned a level 2 spell: Swiftness
 46014 | Vaults:4 | Reached skill level 5 in Armour
 46410 | Vaults:4 | Identified a +2 pair of boots of running (You found it on level 4 of the Vaults)
 46662 | Vaults:4 | Cast into level 2 of the Abyss (a deep elf sorcerer)
 46702 | Vaults:4 | Escaped the Abyss
 46926 | Vaults:5 | Entered Level 5 of the Vaults
 47084 | Vaults:5 | Noticed a golden dragon
 47104 | Vaults:5 | Killed a golden dragon
 47109 | Vaults:5 | Reached skill level 5 in Spellcasting
 47109 | Vaults:5 | Reached skill level 10 in Charms
 47594 | Vaults:5 | Found Itaguiph's Food Emporium.
 47629 | Vaults:5 | Gained mutation: Your flesh is heat resistant. (rF+) [demonic ancestry]
 47629 | Vaults:5 | Reached XP level 22. HP: 84/192 MP: 34/34
 47783 | Vaults:5 | Found Fuatsol's Food Shoppe.
 47786 | Vaults:5 | Found Paps's Magic Scroll Boutique.
 47790 | Vaults:5 | Bought a scroll of teleportation for 39 gold pieces
 47790 | Vaults:5 | Bought a scroll of blinking for 97 gold pieces
 47790 | Vaults:5 | Bought a scroll of fog for 26 gold pieces
 47934 | Vaults:5 | Reached skill level 10 in Armour
 47955 | Vaults:5 | Noticed a golden dragon
 47964 | Vaults:5 | Noticed a golden dragon
 47965 | Vaults:5 | Noticed an ancient lich
 47984 | Vaults:5 | Killed an ancient lich
 48002 | Vaults:5 | Noticed a golden dragon
 48019 | Vaults:5 | Killed a golden dragon
 48087 | Vaults:5 | Killed a golden dragon
 48399 | Vaults:5 | Noticed a golden dragon
 48414 | Vaults:5 | Killed a golden dragon
 48673 | Vaults:5 | Found Aximut's Antique Armour Shoppe.
 48687 | Vaults:5 | Got a silver rune of Zot
 48692 | Vaults:5 | Bought a dazzling leather armour for 294 gold pieces
 48692 | Vaults:5 | Identified the cursed +0 leather armour of Alukluy {+Fly MR+ Int+3} (You bought it in a shop on level 5 of the Vaults)
 48715 | Vaults:5 | Found Uskiquol's Antique Armour Shoppe.
 48719 | Vaults:5 | Bought an ancient scale mail for 288 gold pieces
 48719 | Vaults:5 | Bought a smelly ring mail for 288 gold pieces
 48719 | Vaults:5 | Bought a bronze scale mail for 288 gold pieces
 48719 | Vaults:5 | Bought a fine ring mail for 288 gold pieces
 48719 | Vaults:5 | Bought a faintly humming ring mail for 288 gold pieces
 48719 | Vaults:5 | Identified the +5 ring mail "Secki" {rF- Slay+3 Stlth+} (You bought it in a shop on level 5 of the Vaults)
 48720 | Vaults:5 | Identified the +2 scale mail of Honesty {Dex+3 SInv} (You bought it in a shop on level 5 of the Vaults)
 48721 | Vaults:5 | Identified the cursed +0 ring mail "Muofah" {*Contam +Inv rElec MR++} (You bought it in a shop on level 5 of the Vaults)
 48722 | Vaults:5 | Identified the +3 ring mail "Hosiavet" {rElec} (You bought it in a shop on level 5 of the Vaults)
 48723 | Vaults:5 | Identified the +2 scale mail of Paranoia {rC+ Regen+ Str+2} (You bought it in a shop on level 5 of the Vaults)
 48884 | Vaults:5 | Found Susouros's Magic Scroll Shoppe.
 48895 | Vaults:5 | Bought a scroll of identify for 30 gold pieces
 48895 | Vaults:5 | Bought a scroll of magic mapping for 52 gold pieces
 48895 | Vaults:5 | Bought a scroll of recharging for 142 gold pieces
 48996 | Vaults:5 | Killed a golden dragon
 49122 | Vaults:5 | Bought a scroll of identify for 26 gold pieces
 49122 | Vaults:5 | Bought a scroll of identify for 26 gold pieces
 49591 | Elf:3    | Identified the +1 buckler of Knowledge {rPois rC- Dex+10} (You took it off a deep elf elementalist on level 3 of the Elven Halls)
 49703 | Orc:2    | Bought a scroll of identify for 24 gold pieces
 49703 | Orc:2    | Bought a scroll of identify for 24 gold pieces
 49703 | Orc:2    | Bought a scroll of teleportation for 36 gold pieces
 49708 | Orc:2    | Bought a scroll of identify for 28 gold pieces
 49708 | Orc:2    | Bought a scroll of identify for 28 gold pieces
 49708 | Orc:2    | Bought a scroll of teleportation for 42 gold pieces
 49709 | Orc:2    | Bought a scroll of identify for 28 gold pieces
 49709 | Orc:2    | Bought a scroll of identify for 28 gold pieces
 49709 | Orc:2    | Bought a scroll of teleportation for 42 gold pieces
 49709 | Orc:2    | Bought a scroll of identify for 28 gold pieces
 49841 | D:10     | Gained mutation: Your mind is acute. (Int +2) [evolution]
 50126 | Slime:1  | Entered Level 1 of the Pits of Slime
 50213 | Slime:2  | Reached skill level 20 in Unarmed Combat
 50271 | Slime:5  | Entered Level 5 of the Pits of Slime
 50297 | Slime:5  | Noticed the Royal Jelly
 50317 | Slime:5  | Killed the Royal Jelly
 50317 | Slime:5  | Gained mutation: You frequently emit foul miasma when damaged in melee. [demonic ancestry]
 50317 | Slime:5  | Reached XP level 23. HP: 35/203 MP: 33/36
 50356 | Slime:5  | Paralysed by a great orb of eyes for 5 turns
 50465 | Slime:5  | HP: 4/203 [acid blob/splash of acid (9)]
 50465 | Slime:5  | Splashed by an acid blob's acid

Vault maps used:
D:1:      matt_arrival_refuge
D:2:      uniq_sigmund, uniq_natasha
D:3:      trog_hazing_becter
D:4:      nicolae_overflow_hidden_temple, lightli_ossuary_entry_decrepit_ruins
D:5:      makhleb_grotto_becter, grunt_gozag_statues, dancing_weapons_uskayaw,
          first_bread, uniq_eustachio
D:6:      yredelemnul_forgotten_temple_becter, kennysheep_little_box,
          nemelex_xobeh_ov_fountains_minmay
D:7:      lemuel_crystal_altar, grunt_temple_overflow_diamond, basic_altar,
          uniq_pikel, uniq_joseph
D:8:      slow_altar_1, erik_lair_dragon, uniq_erica
D:9:      uniq_prince_ribbit1, uniq_maurice
D:11:     minmay_orc_entry_guard_dogs, serial_shops, nicolae_shop_stone
D:14:     lightli_vaults_fourway_checkpoint, dk_noncrumbling_4, grunt_livestock,
          kennysheep_small_square
D:15:     gammafunk_enter_depths_forms, nicolae_trove_entry_columns,
          serial_corexii_hall, corexii_hall_statues_l, corexii_hall_statues_u,
          hangedman_abyss_or_decor_slice
Lair:1:   minmay_lair_venomous_thicket, special_room,
          portal_ice_cave_entry_pillars_1, grunt_megastairs_2
Lair:2:   wad_woods_settlement, nicolae_spider_entry_orb_guardian, basic_altar
Lair:3:   nicolae_swamp_entry_splash_gauntlet, serial_bayou,
          serial_bayou_pond_d, serial_bayou_pond_b, serial_bayou_lake_a,
          serial_bayou_lagoon_a, nicolae_quartered_pool_little
Lair:5:   st_stairs_6, uniq_urug, uniq_nessos
Lair:6:   gammafunk_lair_ancient_temple, dpeg_slime_entry_enclosed_altar
Swamp:1:  serial_swamp_ruin, evilmike_swamp_ruin_rubble_2,
          evilmike_swamp_ruin_rubble_1
Swamp:2:  hangedman_swamp_lotus, infiniplex_staircase_pool_2
Swamp:3:  cheibrodos_swamp_heart_of_darkness, evilmike_swamp_ruin_house_3
Swamp:4:  grunt_swamp_rune_castle, swamp_pool1, infiniplex_staircase_pool
Spider:2: spiders_nest_scorpion_pit
Spider:3: spider_trap
Spider:4: grunt_spider_rune_parallel, nicolae_spider_webs_and_nodes,
          hangedman_stitches_earthworm, uniq_bai_suzhen, uniq_arachne
Slime:1:  basic_altar
Slime:3:  uniq_dissolution
Orc:2:    st_orc_pillars, nicolae_volcano_entry_lava_flow
Elf:1:    eino_elf_arrival_the_gate, serial_shops, shop,
          kennysheep_underground_church
Elf:3:    minmay_elf_hall_spiked
Vaults:1: nicolae_vaults_network_square, nicolae_vaults_hallways_thing,
          v_pattern_5, v_rooms_5, v_misc_5, nicolae_vaults_big_ls, serial_shops,
          statue_bzr, serial_hangedman_research, hangedman_research_electronics,
          hangedman_research_thanatology
Vaults:2: nicolae_vaults_border_crossing, nicolae_vaults_asterisk,
          hangedman_vaults_slice, v_misc_27, v_misc_9, vaults_mumra_hexcomb,
          nicolae_vaults_gold_heap, nicolae_vaults_three_branches,
          ontoclasm_vaults_decontamination, nicolae_vaults_ring_of_whatevers,
          vaults_room_semicircle, minmay_crypt_entry_skeletal_spiral,
          serial_shops, shop
Vaults:3: nicolae_vaults_arrows, v_misc_18, ontoclasm_vaults_spin,
          nicolae_vaults_an_arrangement, vaults_room_hallway, v_alt_pattern_5,
          v_misc_10, vaults_room_fancy_cross, vaults_dpeg_hooks, v_pattern_4,
          nicolae_vaults_little_squares_6, vaults_room_stairs_pillars,
          nicolae_vaults_little_squares_1
Vaults:4: vaults_dpeg_encased_lava, vaults_room_pools, v_misc_28,
          ontoclasm_vaults_chip, hangedman_vaults_capsules,
          nicolae_vaults_circle_grid_a, dpeg_vaults_waves, vaults_room_corners,
          ontoclasm_vaults_tryst, ontoclasm_vaults_loading_screen,
          hangedman_vaults_cutoff, nicolae_vaults_alarming
Vaults:5: serial_shops
Abyss:2:  due_exit_kobolds
Bazaar:   bazaar_jpeg_cross
Ossuary:  ossuary_tomb_2
IceCv:    ice_cave_small_necro
Volcano:  volcano_caves

Skill      XL: |  1  2  3  4  5  6  7  8  9 10 11 12 13 14 15 16 17 18 19 20 21 22 |
---------------+-------------------------------------------------------------------+-----
Unarmed Combat | 2 4 5 7 9 10 11 13 14 15 16 17 18 19 20 | 20.1
Dodging        | 2 3 5 6 7 9 10 11 12 13 14 15 16 | 16.6
Invocations    | 4 7 10 11 12 13 14 15 16 17 18 | 18.8
Armour         | 3 4 9 11 | 11.7
Fighting       | 5 8 10 11 13 14 15 16 | 16.5
Translocations | 8 12 | 12.0
Charms         | 7 10 11 | 11.1
Spellcasting   | 1 5 |  5.1
Short Blades   | |  1.7
Throwing       | |  1.7
Stealth        | |  3.6

Action                   |  1- 3 |  4- 6 |  7- 9 | 10-12 | 13-15 | 16-18 | 19-21 | 22-24 || total
-------------------------+-------+-------+-------+-------+-------+-------+-------+-------++-------
Melee: Dagger            |    76 |       |       |       |       |       |       |       ||    76
       Punch             |     1 |     4 |    18 |    80 |   216 |   243 |   282 |   107 ||   951
       Unarmed           |       |   173 |   364 |   966 |  1635 |  1680 |  1624 |   540 ||  6982
 Fire: Blowgun           |    15 |     2 |    13 |    66 |    11 |     2 |       |       ||   109
Throw: Javelin           |       |       |     4 |    31 |    27 |    19 |    15 |     5 ||   101
       Throwing net      |       |       |       |     8 |       |       |       |       ||     8
       Tomahawk          |       |       |       |    11 |     1 |       |       |       ||    12
 Cast: Blink             |       |       |       |       |       |       |     1 |       ||     1
       Summon Butterflie |       |       |       |       |       |       |     1 |       ||     1
       Repel Missiles    |       |       |       |       |       |       |     6 |     1 ||     7
       Regeneration      |       |       |       |       |       |       |     6 |    11 ||    17
       Apportation       |       |       |       |       |       |       |     2 |       ||     2
       Passage of Golubr |       |       |       |       |       |       |     1 |       ||     1
Invok: Stomp             |       |       |       |    10 |     4 |    24 |     7 |       ||    45
       Line Pass         |       |       |       |     2 |     6 |     5 |       |     2 ||    15
       Grand Finale      |       |       |       |     1 |     3 |     6 |     2 |     3 ||    15
Evoke: Wand              |       |       |       |    14 |     5 |    19 |     7 |     2 ||    47
       Phial of floods   |       |       |       |       |     1 |     1 |       |       ||     2
  Use: Potion            |     1 |       |     4 |     7 |     2 |     9 |     7 |    12 ||    42
       Scroll            |       |     8 |    12 |    19 |    14 |    13 |    19 |    16 ||   101
 Stab: Sleeping          |     6 |     6 |    19 |    21 |    38 |    23 |    15 |     1 ||   129
       Distracted        |       |     1 |       |     5 |     4 |     5 |     9 |     1 ||    25
       Paralysed         |       |       |       |    49 |   119 |   133 |   165 |    61 ||   527
       Confused          |       |       |       |     1 |     3 |     3 |       |     2 ||     9
       Held in net/web   |       |       |       |     3 |       |       |       |       ||     3
  Eat: Chunk             |     1 |     6 |    12 |    28 |    31 |    21 |    29 |     7 ||   135
       Pizza             |       |       |       |     1 |     3 |     9 |       |       ||    13
       Beef jerky        |       |       |       |     1 |     2 |     4 |       |       ||     7
       Fruit             |       |       |       |     2 |     3 |       |       |     1 ||     6
       Royal jelly       |       |       |       |       |     2 |     6 |     2 |     4 ||    14
Armor: Ring mail         |    23 |    55 |    67 |    69 |   263 |    33 |   197 |       ||   707
       Robe              |     1 |       |       |       |       |       |       |       ||     1
       Skin              |       |       |     8 |    23 |       |       |       |       ||    31
       Troll leather arm |       |       |       |    30 |       |       |       |       ||    30
       Leather armour    |       |       |       |       |    15 |   270 |       |       ||   285
       Fire dragon armou |       |       |       |       |       |       |   135 |   170 ||   305
Dodge: Dodged            |    25 |    79 |   169 |   582 |  1196 |  1690 |  1175 |   401 ||  5317
       Deflected         |       |       |       |       |       |       |    13 |    15 ||    28
Block: Other             |       |       |    27 |    81 |   155 |   150 |       |       ||   413
       Reflection        |       |       |       |     2 |     2 |     1 |       |       ||     5
